 Dungeon Crawl Stone Soup version 0.30-a0-6-g7c9e10e132 (webtiles) character file.

Game seed: 18207114336938064828

276 SensoryNuts the Trooper (level 6, -1/63 (66) HPs)
             Began as an Ogre Fighter on Aug 22, 2022.
             Slain by a wight
             ... wielding a +0 morningstar
              (10 damage)
             ... on level 6 of the Dungeon.
             The game lasted 00:01:56 (3291 turns).

SensoryNuts the Trooper (Ogre Fighter)              Turns: 3291, Time: 00:01:56

HP:   -1/63 (66)    AC:  3    Str: 23    XL:     6   Next: 25%
MP:   6/6           EV:  9    Int:  9    God:
Gold: 118           SH:  7    Dex:  8    Spells: 5/5 levels left

rFire   . . .      SeeInvis .    a - +0 flail
rCold   . . .      Faith    .    c - +0 kite shield
rNeg    . . .      Spirit   .    b - +0 robe
rPois   .          Reflect  .    (helmet restricted)
rElec   .          Harm     .    (no cloak)
rCorr   .          Rampage  .    (gloves unavailable)
Will    .....                    (boots unavailable)
Stlth   +.........               (no amulet)
HPRegen 0.20/turn                (no ring)
MPRegen 0.10/turn                (no ring)

@: mighty, lightly drained
A: large, unfitting armour, tough skin 1
a: no special abilities


You were on level 6 of the Dungeon.
You visited 1 branch of the dungeon, and saw 4 of its levels.

You collected 118 gold pieces.

Inventory:

Hand Weapons
 a - a +0 flail (weapon)
Armour
 b - a +0 robe (worn)
 c - a +0 kite shield (worn)
Jewellery
 t - an amulet of the acrobat
Scrolls
 i - a scroll of blinking {unknown}
 j - a scroll of summoning {unknown}
 k - a scroll of noise {unknown}
 l - a scroll of identify {unknown}
 n - a scroll of teleportation {unknown}
 o - a scroll of poison {unknown}
 p - a scroll of fear {unknown}
 q - a scroll of enchant armour {unknown}
 r - 3 scrolls of magic mapping {unknown}
Potions
 e - a potion of degeneration {unknown}
 f - a potion of resistance {unknown}
 g - a potion of berserk rage {unknown}
 h - a potion of lignification {unknown}
 m - a potion of attraction {unknown}
 s - a potion of ambrosia {unknown}
 u - a potion of magic {unknown}


   Skills:
 + Level 5.1 Fighting
 * Level 3.8 Maces & Flails
 + Level 3.7 Dodging
 + Level 0.5 Stealth
 + Level 3.9 Shields


You had 5 spell levels left.
You didn't know any spells.
Your spell library was empty.

Dungeon Overview and Level Annotations

Branches:
Dungeon (6/15)
 Temple: D:4-7

Altars:
Kikubaaqudgha
Nemelex Xobeh

Shops:
D:1 ?


Innate Abilities, Weirdness & Mutations

You are too large for most types of armour.
You have tough skin. (AC +1)


Message History

You thump the human zombie!
You destroy the human zombie!
No target in view!
No target in view!
No target in view!
No target in view!
No target in view!
No target in view!
As you open the door, it creaks loudly!
A bullfrog zombie comes into view.
A wight opens the door.
There are monsters nearby!
There are monsters nearby!
You closely miss the bullfrog zombie. You block the bullfrog zombie's attack.
The bullfrog zombie hits you.
You completely miss the wight.
The bullfrog zombie hits you but does no damage.
You block the wight's attack. The bullfrog zombie hits you.
The wight hits you with a +0 morningstar!
You feel drained.
You hit the wight but do no damage. The bullfrog zombie hits you.
The wight hits you with a +0 morningstar.
You sock the wight!
The wight is heavily damaged.
The bullfrog zombie hits you. The wight barely misses you.
The bullfrog zombie hits you.
You barely miss the wight.
The wight is heavily damaged.
The bullfrog zombie hits you.
The wight hits you with a +0 morningstar!
* * * LOW HITPOINT WARNING * * *
You block the bullfrog zombie's attack.
The wight hits you with a +0 morningstar.
* * * LOW HITPOINT WARNING * * *
You feel drained.
You feel very mighty all of a sudden. The bullfrog zombie hits you.
* * * LOW HITPOINT WARNING * * *
The wight hits you with a +0 morningstar!
You die...

# # +.+ # #.#
+ +.+ # ##
#.# # #.# +.+
# #..###.###
# ...##.z.Z.#
## #..
###@### .#
###.# #_'.†.#
.# ###..##
###.###
.###.....##
#.'.'.#
#....#....##
###.###
..#####....##
#'# ###
##....## #.#
# ##....###.#
##...#...#


You could see a wight and a bullfrog zombie.

Vanquished Creatures
  A necrophage (D:6)
  A wyvern zombie (D:6)
  A bullfrog zombie (D:6)
  A human zombie (D:6)
  An adder (D:2)
  4 dart slugs (D:1)
  A worm (D:2)
  3 endoplasms (D:1)
  2 giant cockroaches
  4 goblins
  10 hobgoblins
  12 jackals
  4 quokkas
  2 ball pythons (D:1)
  7 bats
  5 frilled lizards
  3 kobolds
  6 rats
68 creatures vanquished.

Notes
Turn   | Place    | Note
-------+----------+-------------------------------------------
     0 | D:1      | SensoryNuts the Ogre Fighter began the quest for the Orb.
     0 | D:1      | Reached XP level 1. HP: 24/24 MP: 1/1
    57 | D:1      | Reached XP level 2. HP: 4/32 MP: 2/2
   344 | D:1      | Found Soesmeusk's Magic Scroll Boutique.
   835 | D:1      | Reached XP level 3. HP: 33/40 MP: 3/3
  1086 | D:1      | Found a faded altar of an unknown god.
  1734 | D:2      | Reached XP level 4. HP: 48/49 MP: 4/4
  2497 | D:3      | Found a sparkling altar of Nemelex Xobeh.
  2852 | D:3      | You fall into a shaft and drop 3 floors!
  2894 | D:6      | Reached XP level 5. HP: 29/55 MP: 5/5
  3159 | D:6      | Reached skill level 5 in Fighting
  3159 | D:6      | Reached XP level 6. HP: 53/66 MP: 6/6
  3220 | D:6      | Found an ancient bone altar of Kikubaaqudgha.
  3291 | D:6      | Slain by a wight

Illustrated notes

Levels and vault maps discovered:
D:1:      dpeg_arrival_more_subterranean_lakeside_camping, layout_loops_ring,
          hellmonk_ecumenical_altar_pennies_from_heaven, serial_shops,
          shop_statue
D:2:      layout_basic
D:3:      layout_rooms, nicolae_wu_jian_wuxing_cycle,
          nicolae_qazlal_style_of_elements, mainiacjoe_overflow_catwalk_spiral,
          serial_shops, shop, uniq_sigmund, uniq_natasha
D:6:      kennysheep_six_static_rooms, layout_cave_pods,
          lemuel_mausoleum_altar_kikubaaqudgha, temple_statues, serial_shops,
          nicolae_shop_overgrown_old_shop, nicolae_shop_trees

Skill      XL: |  1  2  3  4  5 |
---------------+----------------+-----
Maces & Flails | 2 3 |  3.8
Dodging        | 3 |  3.7
Fighting       | 5 |  5.1
Stealth        | |  0.5
Shields        | |  3.9

Action                   |  1- 3 |  4- 6 || total
-------------------------+-------+-------++-------
Melee: Flail             |   163 |   111 ||   274
  Use: Potion            |       |     1 ||     1
 Stab: Sleeping          |     1 |       ||     1
Armor: Robe              |    63 |    40 ||   103
Dodge: Dodged            |    77 |    54 ||   131
Block: Kite shield       |    76 |    55 ||   131

Table legend: (Time is in decaauts)
 A = Elapsed time spent in this place.
 B = Non-inter-level travel time spent in this place.
 C = Inter-level travel time spent in this place.
 D = Time resting spent in this place.
 E = Time spent auto-exploring this place.
 F = Levels seen in this place.
 G = Mean time per level.
                   A        B        C        D        E       F      G
               +--------+--------+--------+--------+--------+-----+--------+
         Total |   3403 |   3352 |     51 |      0 |   2752 |   4 |  850.8 |
       Dungeon |   3403 |   3352 |     51 |      0 |   2752 |   4 |  850.8 |
               +--------+--------+--------+--------+--------+-----+--------+

Top non-repeatable levels by time:
     D:1: 1573 daAuts
     D:2: 1001 daAuts
     D:6: 453 daAuts
     D:3: 375 daAuts
